 Dungeon Crawl Stone Soup version 0.30-a0-782-ge64f9170bb (webtiles) character file.

Game seed: 5052593009435410830

196973 Flugkiller the Devastator (level 17, -3/97 (99) HPs)
             Began as a Deep Elf Chaos Knight on Mar 1, 2023.
             Was a Plaything of Xom.
             Killed from afar by Ilsuiw (42 damage)
             ... with a shard of ice
             ... on level 2 of the Shoals.
             The game lasted 01:21:28 (41415 turns).

Flugkiller the Devastator (Deep Elf Chaos Knight)  Turns: 41415, Time: 01:21:29

HP:   -3/97 (99)    AC: 16    Str:  2    XL:     17   Next: 76%
MP:   16/48         EV: 20    Int: 29    God:    Xom [*.....]
Gold: 4629          SH:  0    Dex: 14    Spells: 28/49 levels left

rFire   + + .      SeeInvis .    W - staff of fire
rCold   . . .      Faith    .    (no shield)
rNeg    . . .      Spirit   .    Y - +2 robe {Archmagi}
rPois   +          Reflect  .    r - +0 helmet {Int+3}
rElec   +          Harm     .    X - +2 cloak {Stlth+}
rCorr   .          Rampage  .    c - +2 pair of gloves
Will    +....      Archmagi +    x - +2 pair of boots
Stlth   +          Clarity  +    L - amulet of regeneration
HPRegen 1.16/turn                y - ring of Damathun {rElec rPois rF+ EV+5 Str-5}
MPRegen 0.31/turn                H - ring of magical power

@: studying 2 skills, lightly drained, unable to drink, very slow
A: iridescent scales 1, clarity, passive freeze, weak 1, inability to drink
after injury 2, MP-powered wands
}: 1/15 runes: gossamer
a: Renounce Religion


You were on level 2 of the Shoals.
You worshipped Xom.
You were a special plaything of Xom.
You visited 5 branches of the dungeon, and saw 28 of its levels.
You also visited: Sewer, Ossuary, Bailey and Ice Cave.

You collected 4950 gold pieces.
You spent 321 gold pieces at shops.

Inventory:

Hand Weapons
 u - the +6 double sword of Atumar {freeze, rCorr Str+2}
   (You took it off a merfolk impaler on level 1 of the Shoals)

   Str:       It affects your strength (+2).
   rCorr:     It protects you from acid and corrosion.
Missiles
 s - 6 curare-tipped darts (quivered)
 O - 5 throwing nets
Armour
 c - a +2 pair of gloves (worn)
   (You found it on level 1 of the Dungeon)
 j - a +1 hat of willpower
   (You found it on level 4 of the Spider Nest)
 r - a +0 helmet of intelligence (worn)
   (You found it on level 2 of the Lair of Beasts)
 x - a +2 pair of boots (worn)
   (You found it on level 11 of the Dungeon)
 X - a +2 cloak of stealth (worn)
   (You found it on level 15 of the Dungeon)
 Y - a +2 robe of the Archmagi (worn)
   (You took it off an orc sorcerer on level 2 of the Orcish Mines)
Magical Staves
 W - a staff of fire (weapon)
   (You acquired it on level 12 of the Dungeon)
Jewellery
 m - a ring of willpower
   (You found it on level 6 of the Dungeon)
 p - a ring of protection from cold
   (You found it on level 4 of the Dungeon)
 v - a +5 ring of evasion
   (You found it in an ice cave)
 y - the ring of Damathun (left hand) {rElec rPois rF+ EV+5 Str-5}
   (You bought it in a shop on level 2 of the Shoals)

   [ring of evasion]

   EV:        It affects your evasion (+5).
   Str:       It affects your strength (-5).
   rF:        It protects you from fire.
   rElec:     It insulates you from electricity.
   rPois:     It protects you from poison.
 H - a ring of magical power (right hand)
   (You found it on level 10 of the Dungeon)
 J - a ring of willpower
   (You found it on level 1 of the Lair of Beasts)
 L - an amulet of regeneration (around neck)
   (You found it in a bailey)
 Z - a +4 ring of protection
   (You found it on level 9 of the Dungeon)
Wands
 a - a wand of roots (15)
   (Xom gifted it to you on level 3 of the Dungeon)
 C - a wand of paralysis (14)
   (You found it on level 5 of the Dungeon)
 N - a wand of light (3)
   (You found it on level 2 of the Lair of Beasts)
 R - a wand of digging (6)
   (You found it on level 8 of the Dungeon)
Scrolls
 b - a scroll of immolation
 i - 3 scrolls of magic mapping
 k - 7 scrolls of fear
 l - 3 scrolls of enchant armour
 t - 13 scrolls of teleportation
 z - 8 scrolls of blinking
 I - 5 scrolls of fog
 M - 2 scrolls of silence
 T - a scroll of vulnerability
 U - 2 scrolls of poison
 V - 5 scrolls of butterflies
Potions
 d - 14 potions of might
 f - a potion of invisibility
 g - 5 potions of cancellation
 h - 4 potions of haste
 n - 5 potions of resistance
 o - 7 potions of brilliance
 q - 14 potions of curing
 w - 13 potions of heal wounds
 A - 5 potions of flight
 B - 9 potions of mutation
 E - 5 potions of ambrosia
 F - 4 potions of lignification
 G - a potion of magic
Miscellaneous
 e - a box of beasts
   (Xom gifted it to you on level 3 of the Lair of Beasts)
 K - a tin of tremorstones (inert)
   (You found it in a bailey)
 P - a condenser vane (inert)
   (You found it in a bailey)
 S - a phial of floods (inert)
   (You found it on level 10 of the Dungeon)


   Skills:
 + Level 8.8 Fighting
 - Level 3.0 Short Blades
 - Level 0.7 Armour
 - Level 8.0 Dodging
 + Level 16.6 Spellcasting
 * Level 18.5 Conjurations
 - Level 10.0 Transmutations
 * Level 17.0 Fire Magic
 - Level 13.0 Earth Magic
 - Level 8.0 Evocations


You had 28 spell levels left.
You knew the following spells:

 Your Spells              Type           Power      Damage    Failure   Level
a - Foxfire               Conj/Fire      100%       2x1d9     0%          1
b - Stone Arrow           Conj/Erth      100%       3d13      0%          3
c - Fireball              Conj/Fire      68%        3d26      1%          5
d - Starburst             Conj/Fire      68%        6d18      1%          6
e - Statue Form           Tmut/Erth      62%        N/A       2%          6

Your spell library contained the following spells:

 Spells                   Type           Power      Damage    Failure   Level
 Magic Dart               Conj           100%       1d8       0%          1
 Sandblast                Erth           100%       2d20      0%          1
 Searing Ray              Conj           100%       2d8       0%          2
 Apportation              Tloc           72%        N/A       1%          1
 Beastly Appendage        Tmut           100%       N/A       1%          1
 Shock                    Conj/Air       100%       1d9       1%          1
 Summon Small Mammal      Summ           100%       N/A       1%          1
 Passwall                 Tmut/Erth      78%        N/A       1%          2
 Static Discharge         Conj/Air       100%       2-7/arc   1%          2
 Wereblood                Tmut           89%        N/A       1%          2
 Dazzling Flash           Conj/Hex       100%       N/A       1%          3
 Ignite Poison            Fire/Tmut/Pois 100%       N/A       1%          3
 Kindle Blastsparks       Fire/Tloc/Air  100%       2d18      1%          3
 Spider Form              Tmut/Pois      68%        N/A       1%          3
 Fulminant Prism          Conj/Hex       43%        3d19      1%          4
 Iskenderun's Mystic Bla  Conj/Tloc      86%        2d17      1%          4
 Leda's Liquefaction      Hex/Erth       37%        N/A       1%          4
 Arcjolt                  Conj/Air       43%        1d53      1%          5
 Blade Hands              Tmut           44%        N/A       1%          5
 Lee's Rapid Deconstruct  Erth           49%        3d23*     1%          5
 Lightning Bolt           Conj/Air       43%        1d62      1%          5
 Cigotuvi's Dreadful Rot  Necr/Pois/Air  72%        N/A       2%          2
 Lesser Beckoning         Tloc           72%        N/A       2%          2
 Borgnjor's Vile Clutch   Necr/Erth      37%        N/A       3%          5
 Freezing Cloud           Conj/Ice/Air   37%        6-21      4%          5
 Call Canine Familiar     Summ           36%        N/A       5%          3
 Gell's Gravitas          Tloc           36%        N/A       5%          3
 Portal Projectile        Hex/Tloc       72%        N/A       5%          3
 Summon Guardian Golem    Hex/Summ       36%        N/A       5%          3
 Swiftness                Air            36%        N/A       5%          3
 Teleport Other           Tloc           36%        N/A       5%          3
 Tukima's Dance           Hex            36%        N/A       5%          3
 Vhi's Electric Charge    Tloc/Air       72%        N/A       5%          3
 Alistair's Intoxication  Tmut/Pois      45%        N/A       7%          5
 Yara's Violent Unravell  Hex/Tmut       34%        3d14      7%          5
 Airstrike                Air            18%        2d(3-19)  19%         4
 Dispel Undead            Necr           36%        3d15      19%         4
 Passage of Golubria      Tloc           36%        N/A       19%         4
 Eringya's Noxious Bog    Tmut/Pois      34%        N/A       36%         6
 Fire Storm               Conj/Fire      68%        8d17      78%         9
 Death Channel            Necr           18%        N/A       96%         6
 Dispersal                Tloc           18%        N/A       96%         6
 Malign Gateway           Summ/Tloc      18%        N/A       100%        7
 Chain Lightning          Conj/Air       43%        3d57      100%        9
 Shatter                  Erth           49%        3d38*     100%        9


Dungeon Overview and Level Annotations

Branches:
Dungeon (15/15) Zot: 25504  Temple (0/1) D:4            Lair (5/5) D:9 Zot: 21315
 Shoals (2/4) Lair:3 Zot: 10633  Spider (4/4) Lair:3 Zot: 16302   Slime (0/5) Lair:4
    Orc (2/2) D:10 Zot: 9503     Elf (0/3) Orc:2        Vaults (0/5) D:14
 Depths (0/4) D:15          Sewer (visited)         Ossuary (visited)
 Bailey (visited)           IceCv (visited)

Altars:
Ashenzari
Cheibriados
Dithmenos
Elyvilon
Gozag
Makhleb
Okawaru
Ru
Trog
Vehumet
Wu Jian
Xom
Yredelemnul
Zin
The Shining One
Jiyva

Shops:
D:4 *(   D:8 *   D:11 ?   D:13 *   D:15 *   Orc:1 *   Orc:2 (?=*(   Shoals:2 **

Portals:
Pandemonium: Orc:2

Annotations:
D:13 exclusion: catoblepas
Shoals:2 Ilsuiw; Mlioglotl
Spider:2 2 runed translucent doors, Xuggat's ghost, adept HuFi
Spider:3 Roxanne


Innate Abilities, Weirdness & Mutations

You are partially covered in iridescent scales. (AC +2)
You possess an exceptional clarity of mind.
A frigid envelope surrounds you and freezes all who hurt you.
You are weak. (Str -2)
You sometimes lose the ability to drink potions when taking damage.
You expend magic power (3 MP) to strengthen your wands.


Message History

The burst of rock shards engulfs you.
The burst of rock shards engulfs something but does no damage.
The burst of rock shards engulfs something.
The burst of rock shards engulfs something!!
The tin is emptied!
A shard of ice appears from out of thin air!
The shard of ice hits you!!
The merfolk siren chants a haunting song.
You are unaffected.
Unknown command.
Casting: Fireball (safe; 1% risk of failure)
Confirm with . or Enter, or press ? or * to list all spells.
Aiming: Fireball (safe; 1% risk of failure)
Press: ? - help, Shift-Dir - straight line You feel a strong surge of power!
The fireball explodes!
The fireball engulfs something!!
The merfolk siren chants a haunting song.
You are unaffected.
Unknown command.
Unknown command.
You hear some strange, mumbled words.
Unknown command.
The water elemental disappears in a puff of smoke!
Unknown command.
Aiming: Bolt of Light
Press: ? - help, Shift-Dir - straight line The bolt of light hits the water elemental!!
The water elemental is heavily damaged.
The bolt of light hits the water elemental!!
The water elemental is severely damaged.
The water elemental is engulfed in a cloud of scalding steam.
Magic courses through your body. Xom briefly touches your surroundings.
You are now a special plaything of Xom.
The merfolk siren chants a haunting song.
You are unaffected.
The water elemental hits you.
The water elemental engulfs you in water!
The water elemental is very cold.
The water elemental is severely damaged.
You enter the shallow water.
Moving in this stuff is going to be slow.
You slip free of the water engulfing you.
You gasp with relief as air once again reaches your lungs.
The water elemental barely misses your butterfly.
Unknown command.
The water elemental hits your butterfly.
Your butterfly dies!
Your butterfly disappears in a puff of smoke!
The merfolk siren chants a haunting song.
You are unaffected.
The water elemental hits you!
You feel threatened and lose the ability to drink potions!
The water elemental engulfs you in water!
The water elemental is very cold.
The water elemental is severely damaged.
Unknown command.
The water elemental attacks as you move away!
The water elemental hits you.
The water elemental is very cold.
The water elemental is almost destroyed.
You slip free of the water engulfing you.
You gasp with relief as air once again reaches your lungs.
A shard of ice appears from out of thin air!
The shard of ice hits you!!
The merfolk siren chants a haunting song.
You are unaffected.
The water elemental completely misses you.
The water elemental completely misses your butterfly.
Unknown command.
Okay, then.
Blink to where?
Press: ? - help, Dir - move target Splash!
As you read the scroll of blinking, it crumbles to dust.
Unknown command.
Casting: Fireball (safe; 1% risk of failure)
Confirm with . or Enter, or press ? or * to list all spells.
Aiming: Fireball (safe; 1% risk of failure)
Press: ? - help, Shift-Dir - straight line You feel a strong surge of power!
The fireball explodes!
The fireball engulfs the water elemental!!!
The water elemental is burned terribly!
You destroy the water elemental!
The water elemental disappears in a puff of smoke!
The fireball engulfs your butterfly!
You kill your butterfly!
Your butterfly disappears in a puff of smoke!
The water elemental hits your butterfly!
Your butterfly dies!
Your butterfly disappears in a puff of smoke!
Unknown command.
Casting: Fireball (safe; 1% risk of failure)
Confirm with . or Enter, or press ? or * to list all spells.
Aiming: Fireball (safe; 1% risk of failure)
Press: ? - help, Shift-Dir - straight line You feel a strong surge of power!
The fireball explodes!
The fireball engulfs something!!!
Your butterfly is engulfed in a cloud of scalding steam.
You kill your butterfly!
Your butterfly disappears in a puff of smoke!
A shard of ice appears from out of thin air!
The shard of ice hits you!!!
You die...

P~..~~~~†~~~~~bE...~~~~
≈~P~~~~~<~~~b~~b~..~~.~~
≈~~~~~~~§§§§b~~b~~b~~~~~
≈PP~P~~~∩{§§§~~~.~~~~~~~
≈~P~P~~~§§§§§~~~~~~~~~~~
≈≈~P~~P~>~§E~~~~~~~~~~≈~
≈≈~~P~P~~~~~~~~~~b~~~~~~
≈≈~~~P~~~~b~~~~~~~~~~~~.
≈≈≈PPP~@P~~~~~~~~~~~~~..
≈≈≈~~~~~~~~~~~~~~~~~~~..
≈≈≈≈PPP~P~~~~~~~≈≈~~~~~~
≈≈≈≈~~P~~~~~~~~§§~§~~§
≈≈≈≈≈PP~~~~~~~≈≈§~~.~
≈≈≈≈≈≈≈~~~~~≈≈≈≈≈§~~~
≈≈≈≈≈≈≈≈≈≈≈≈≈≈≈≈≈≈≈~≈
≈≈≈≈≈≈≈≈≈≈≈≈≈≈≈≈≈≈≈
≈≈≈≈≈≈≈≈≈≈≈≈≈≈≈≈


You could see a water elemental (summoned).

Vanquished Creatures
  Arachne (Spider:4)
  Rupert (Lair:5)
  Frances (Shoals:1)
  Kirke (Lair:5)
  A frost giant (D:15)
  Aizul (Shoals:1)
  3 emperor scorpions
  4 ghost moths
  A broodmother (Spider:2)
  Nessos (Lair:4)
  A dire elephant (Lair:5)
  2 spark wasps
  Azrael (Spider:2)
  A white draconian (IceCv)
  Snorg (Lair:4)
  A merfolk javelineer (Shoals:1)
  Josephine (Shoals:1)
  3 entropy weavers
  3 merfolk impalers
  The ghost of Ifreeg the Arsonist, a journeyman OpFE of Gozag (Lair:3)
  4 hydras
  Harold (D:10)
  An ice dragon (D:13)
  An alligator snapping turtle (Shoals:1)
  2 demonspawn (Orc:2)
  5 radroaches
  A merfolk avatar (Lair:5)
  3 merfolk aquamancers (Shoals:1)
  10 boulder beetles
  2 ogre magi
  8 two-headed ogres
  9 death yaks
  8 centaur warriors
  4 tengu warriors
  3 orc high priests (Orc:2)
  Nergalle (Lair:2)
  3 skeletal warriors
  A sun moth (Spider:1)
  6 pharaoh ants
  7 sea snakes
  2 skysharks (Shoals:2)
  9 orb spiders
  A glowing orange brain (D:12)
  A wizard (D:9)
  7 deep elf pyromancers
  7 orc knights
  3 steelbarb worms
  2 harpies (Lair:5)
  17 ugly things
  22 wolf spiders
  6 cyclopes
  9 orc sorcerers (Orc:2)
  7 elephants
  A moth of wrath (Spider:4)
  6 manticores
  3 demonic crawlers
  7 black mambas
  A guardian serpent (Lair:3)
  An orange demon (Orc:2)
  3 torpor snails
  2 merfolk sirens (Shoals:2)
  2 ice statues (IceCv)
  An unseen horror (D:12)
  A smoke demon (Orc:2)
  A gargoyle (D:14)
  4 centaur skeletons (D:14)
  22 cane toads
  A rime drake (shapeshifter) (D:15)
  An unseen horror (shapeshifter) (D:15)
  A kobold demonologist (D:10)
  12 rime drakes
  An ice devil (Orc:2)
  2 efreet
  10 komodo dragons
  A tengu conjurer (D:13)
  10 meliai
  6 trolls
  A hellwing (Orc:2)
  2 polar bears (Lair:5)
  7 hornets
  22 tarantellas
  3 wind drakes (Shoals:1)
  8 merfolk
  14 blink frogs
  6 dream sheep
  24 jumping spiders
  8 wraiths
  2 water elementals (Shoals:2)
  9 slime creatures
  4 snapping turtles
  5 wyverns
  20 culicivoras
  5 hogs (Lair:5)
  3 steam dragons
  2 fire elementals (Spider:1)
  2 vampire mosquitoes (D:11)
  42 yaks
  3 basilisks
  Grum (D:8)
  37 redbacks
  A warg (Orc:2)
  2 hell hounds (Spider:2)
  2 acid dragons
  29 water moccasins
  A swamp drake (D:6)
  34 orc warriors
  An ice beast (D:6)
  2 black bears
  28 wolves
  7 ogres
  18 centaurs
  A phantom (D:6)
  9 kobold brigands
  20 bullfrogs
  4 gnoll sergeants
  3 scorpions
  11 wights
  5 lindwurm simulacra (IceCv)
  3 killer bees (D:9)
  5 howler monkeys (D:8)
  5 electric eels
  A crimson imp (D:9)
  2 jellies
  7 komodo dragon simulacra (IceCv)
  4 hounds
  A gnoll bouda (D:6)
  24 orc priests
  4 iguanas
  Terence (D:3)
  23 orc wizards
  6 hell rats (Lair:2)
  8 mummies (Ossuary)
  3 acid dragon simulacra (IceCv)
  17 gnolls
  6 river rats (Sewer)
  25 adders
  A white imp (D:6)
  6 steam dragon simulacra (IceCv)
  3 worms
  3 dart slugs
  99 orcs
  10 ball pythons
  3 bats
  17 endoplasms
  7 giant cockroaches
  3 gnoll zombies (Ossuary)
  19 goblins
  13 hobgoblins
  4 jackals (D:1)
  40 kobolds
  3 quokkas
  4 frilled lizards
  A hobgoblin zombie (Ossuary)
  2 kobold zombies (Ossuary)
  2 orc zombies (Ossuary)
  23 rats
  2 bushes (Lair:2)
1121 creatures vanquished.

Vanquished Creatures (collateral kills)
  3 yaks (D:8)
  2 orc warriors (Bailey)
  An orc (Bailey)
6 creatures vanquished.

Vanquished Creatures (others)
  A two-headed ogre (D:14)
  A deep elf archer (D:14)
  A deep elf zephyrmancer (D:14)
  A deep elf pyromancer (D:14)
  A vampire (D:13)
  A yak (D:10)
  An orc priest (D:14)
  1309 foxfires
  49 fungi
  123 plants
  4 toadstools (D:15)
1492 creatures vanquished.

Grand Total: 2619 creatures vanquished

Notes
Turn   | Place    | Note
-------+----------+-------------------------------------------
     0 | D:1      | Flugkiller the Deep Elf Chaos Knight began the quest for
                  | the Orb.
     0 | D:1      | Reached XP level 1. HP: 13/13 MP: 3/3
    43 | D:1      | XOM: potion effect (might)
   110 | D:1      | XOM: potion effect (might)
   115 | D:1      | Reached skill level 1 in Spellcasting
   159 | D:1      | Reached XP level 2. HP: 14/18 MP: 5/5
   181 | D:1      | Reached skill level 1 in Conjurations
   181 | D:1      | Reached skill level 1 in Fire Magic
   185 | D:1      | Learned a level 1 spell: Foxfire
   611 | D:1      | XOM: divination: magic mapping
   632 | D:1      | XOM: give mutations
   632 | D:1      | Gained mutation: You are frail. (-10% HP) [Xom's mischief]
   632 | D:1      | Gained mutation: You are weak. (Str -2) [Xom's mischief]
   804 | D:1      | Reached XP level 3. HP: 19/19 MP: 7/7
  1321 | D:2      | Reached skill level 2 in Conjurations
  1592 | D:2      | XOM: 1-stop teleportation journey
  1808 | D:2      | XOM is BORED!
  1808 | D:2      | XOM: give mutations
  1808 | D:2      | Gained mutation: You occasionally lose the ability to read
                  | scrolls when taking damage. [Xom's mischief]
  1808 | D:2      | Gained mutation: Your body sometimes deteriorates upon
                  | taking damage. [Xom's mischief]
  1808 | D:2      | Lost mutation: You are frail. (-10% HP) [Xom's mischief]
  2147 | D:3      | Reached XP level 4. HP: 27/27 MP: 3/9
  2314 | D:3      | XOM: 1-stop teleportation journey
  2332 | D:3      | Identified the +1 dagger of the Nexus {vamp, rElec Int+2}
  2423 | D:3      | XOM: give mutations
  2423 | D:3      | Gained mutation: Your mind is acute. (Int +4, Str/Dex -1)
                  | [Xom's grace]
  2423 | D:3      | Gained mutation: You are agile. (Dex +4, Str/Int -1) [Xom's
                  | grace]
  2474 | D:3      | XOM: give mutations
  2474 | D:3      | Lost mutation: You are weak. (Str -2) [Xom's grace]
  2474 | D:3      | Gained mutation: Your flesh is heat resistant. (rF+) [Xom's
                  | grace]
  2474 | D:3      | Gained mutation: You have hidden genetic potential. [Xom's
                  | grace]
  2474 | D:3      | Gained mutation: A frigid envelope surrounds you and
                  | freezes all who hurt you. [Xom's grace]
  2524 | D:3      | Noticed Terence
  2591 | D:2      | XOM: god gift: atropa-tipped dart
  2624 | D:3      | Found an opulent altar of Gozag.
  2733 | D:3      | XOM: divination: detect items
  2734 | D:3      | Killed Terence
  2735 | D:3      | Reached skill level 3 in Conjurations
  2804 | D:3      | XOM: scenery: summon butterflies
  3004 | D:3      | XOM: god gift: bone wand {god gift}
  3058 | D:4      | Reached XP level 5. HP: 21/31 MP: 3/11
  3146 | D:4      | XOM: give mutations
  3146 | D:4      | Gained mutation: You are strong-willed. (Will+) [Xom's
                  | grace]
  3146 | D:4      | Gained mutation: Your flesh is cold resistant. (rC+) [Xom's
                  | grace]
  3146 | D:4      | Gained mutation: You are partially covered in iridescent
                  | scales. (AC +2) [Xom's grace]
  3166 | D:3      | Gained mutation: You expend magic power (3 MP) to
                  | strengthen your wands. [hidden potential]
  3174 | D:4      | Found a staircase to the Ecumenical Temple.
  3213 | D:4      | Reached skill level 4 in Conjurations
  3213 | D:4      | Reached skill level 1 in Evocations
  3247 | D:4      | Found Pumufuy's Assorted Antiques.
  3261 | D:4      | Reached XP level 6. HP: 36/36 MP: 5/13
  3325 | D:4      | Found a shadowy altar of Dithmenos.
  3359 | D:4      | Found Qaddoh's Antique Weapon Emporium.
  3362 | D:4      | Noticed a water moccasin
  3370 | D:4      | Killed a water moccasin
  3390 | D:4      | Gained mutation: You have a pair of small horns on your
                  | head. [hidden potential]
  3390 | D:4      | Lost mutation: You have hidden genetic potential. [hidden
                  | potential expressed]
  3552 | D:4      | XOM: smoke on damage
  3552 | D:4      | XOM: torment (19/36 hp)
  3565 | D:4      | Found a glowing drain.
  3574 | Sewer    | Entered a sewer
  3722 | Sewer    | Reached skill level 5 in Conjurations
  3722 | Sewer    | Reached XP level 7. HP: 32/40 MP: 10/15
  3913 | Sewer    | XOM: give mutations
  3913 | Sewer    | Lost mutation: You expend magic power (3 MP) to strengthen
                  | your wands. [Xom's mischief]
  3913 | Sewer    | Gained mutation: You are weak. (Str -2) [Xom's mischief]
  3913 | Sewer    | Lost mutation: A frigid envelope surrounds you and freezes
                  | all who hurt you. [Xom's mischief]
  4163 | Sewer    | Reached skill level 5 in Spellcasting
  4209 | Sewer    | XOM: give mutations
  4209 | Sewer    | Gained mutation: You have sharp toenails. [Xom's grace]
  4209 | Sewer    | Gained mutation: Your flesh is very heat resistant. (rF++)
                  | [Xom's grace]
  4209 | Sewer    | Gained mutation: You possess an exceptional clarity of
                  | mind. [Xom's grace]
  4209 | Sewer    | Gained mutation: Your skin changes colour to match your
                  | surroundings (Stealth+). [Xom's grace]
  4373 | Sewer    | XOM: god gift: ring mail {god gift}
  4467 | D:4      | XOM: summons 4 hostile demons
  4485 | D:3      | XOM: silly message
  4509 | D:3      | XOM: god gift: ring of magical power
  4773 | D:4      | Learned a level 3 spell: Stone Arrow
  4778 | D:5      | Entered Level 5 of the Dungeon
  5023 | D:5      | XOM: give mutations
  5023 | D:5      | Gained mutation: You have razor-sharp toenails. [Xom's
                  | grace]
  5023 | D:5      | Gained mutation: You are somewhat resistant to further
                  | mutation. [Xom's grace]
  5059 | D:5      | Found a sand-covered staircase.
  5070 | D:5      | XOM: cast spell 'Disjunction'
  5072 | D:5      | Reached skill level 1 in Earth Magic
  5078 | Ossuary  | Entered an ossuary
  5206 | Ossuary  | Reached skill level 6 in Conjurations
  5312 | Ossuary  | XOM: give mutations
  5312 | Ossuary  | Gained mutation: You are mostly covered in iridescent
                  | scales. (AC +4) [Xom's grace]
  5312 | Ossuary  | Gained mutation: You are very agile. (Dex +8, Str/Int -2)
                  | [Xom's grace]
  5750 | D:5      | Found a glowing golden altar of the Shining One.
  5750 | D:5      | Found a basalt altar of Yredelemnul.
  5755 | D:5      | Noticed a profane servitor
  5761 | D:5      | Noticed an angel
  5933 | D:5      | Reached XP level 8. HP: 45/45 MP: 18/18
  5944 | D:5      | XOM: blink monster(s)
  6029 | D:4      | XOM: give mutations
  6029 | D:4      | Lost mutation: Your mind is acute. (Int +4, Str/Dex -1)
                  | [Xom's mischief]
  6029 | D:4      | Lost mutation: You have a pair of small horns on your head.
                  | [Xom's mischief]
  6029 | D:4      | Lost mutation: Your flesh is cold resistant. (rC+) [Xom's
                  | mischief]
  6029 | D:4      | Lost mutation: You are strong-willed. (Will+) [Xom's
                  | mischief]
  6510 | D:6      | Reached skill level 7 in Conjurations
  6529 | D:6      | XOM: swap monsters
  6581 | D:6      | XOM: polymorph hound -> swamp drake
  6873 | D:6      | XOM: noise
  6892 | D:6      | XOM: 3-stop teleportation journey
  6904 | D:6      | Reached skill level 5 in Earth Magic
  6930 | D:6      | Reached skill level 8 in Conjurations
  7039 | D:6      | Found a radiant altar of Vehumet.
  7216 | D:6      | Reached XP level 9. HP: 40/49 MP: 20/21
  7506 | D:7      | XOM: god gift: runed dagger {god gift}
  7519 | D:7      | XOM: blink monster(s)
  7555 | D:7      | Reached skill level 9 in Conjurations
  7560 | D:7      | Found a shimmering altar of Xom.
  7561 | D:7      | XOM: swap monsters
  7632 | D:7      | XOM: cloud trail
  7683 | D:7      | Found a flagged portal.
  7698 | Bailey   | Entered a bailey
  7726 | Bailey   | XOM: 1-stop teleportation journey
  7785 | Bailey   | XOM: enchant monster (good)
  7913 | Bailey   | Noticed an orc knight
  7926 | Bailey   | Killed an orc knight
  7927 | Bailey   | Reached skill level 10 in Conjurations
  8077 | Bailey   | Found a large runed translucent door.
  8077 | Bailey   | Found a large runed translucent door.
  8078 | Bailey   | Noticed a deep elf pyromancer
  8172 | Bailey   | Killed a deep elf pyromancer
  8173 | Bailey   | Reached skill level 5 in Dodging
  8196 | Bailey   | Identified the ring "Maoclauj" {rC+ Str+3 Dex-2 Stlth+}
  8247 | D:7      | Learned a level 5 spell: Fireball
  8254 | D:7      | XOM: 1-stop teleportation journey
  8257 | D:7      | Paralysed by a wight for 5 turns
  8321 | D:7      | Reached XP level 10. HP: 54/54 MP: 25/25
  8351 | D:7      | Got Sif Muna's Directory of the Singularity
  8360 | D:7      | XOM: 3-stop teleportation journey
  9243 | D:8      | Found a broken altar of Ashenzari.
  9250 | D:8      | Found an ornate altar of the Wu Jian Council.
  9253 | D:8      | Found a white marble altar of Elyvilon.
  9253 | D:8      | Found a burning altar of Makhleb.
  9260 | D:8      | Found a glowing silver altar of Zin.
  9279 | D:8      | Noticed Grum
  9282 | D:8      | XOM: summons friendly ufetubus
  9285 | D:8      | Reached skill level 5 in Fire Magic
  9287 | D:8      | Killed Grum
  9291 | D:8      | XOM: cleaving
  9469 | D:7      | XOM: cloud trail
  9528 | D:8      | XOM: summons 4 friendly demons
  9547 | D:8      | Found Jitihuami's Assorted Antiques.
  9556 | D:8      | Bought a scroll labelled HAMOHI YSUUM for 29 gold pieces
  9770 | D:8      | XOM: summons friendly ice devil
  9777 | D:8      | XOM: summons 5 hostile demons
 10092 | D:9      | Found a staircase to the Lair.
 10111 | D:9      | XOM: fog
 10287 | D:9      | Reached skill level 5 in Evocations
 10337 | D:9      | XOM: swap monsters
 10349 | D:9      | XOM: smoke on damage
 10364 | D:9      | XOM: stat loss: -1 Str (4/5)
 10482 | D:9      | XOM: 2-stop teleportation journey
 10549 | D:9      | XOM: noise
 10589 | D:9      | Noticed a two-headed ogre
 10589 | D:9      | XOM: god gift: scroll of teleportation
 10593 | D:9      | Killed a two-headed ogre
 10594 | D:9      | Reached skill level 5 in Fighting
 10594 | D:9      | Reached XP level 11. HP: 63/63 MP: 8/26
 10737 | D:9      | XOM: 8-stop teleportation journey
 10826 | D:9      | XOM: god gift: 840 gold pieces
 10866 | D:9      | Noticed a wizard
 10874 | D:9      | Killed a wizard
 11176 | D:9      | Noticed a centaur warrior
 11177 | D:9      | XOM: fog
 11180 | D:9      | XOM: summons 2 friendly demons
 11333 | D:9      | XOM: summons 4 friendly demons
 11795 | D:10     | Entered Level 10 of the Dungeon
 11873 | D:10     | Noticed a two-headed ogre
 11876 | D:10     | Killed a two-headed ogre
 11993 | D:10     | XOM: 1-stop teleportation journey
 12106 | D:10     | XOM: divine lightning
 12107 | D:10     | Reached skill level 10 in Fire Magic
 12292 | D:10     | XOM: scenery: create altars
 12315 | D:10     | XOM: polymorph orc -> kobold
 12446 | D:10     | Noticed Harold
 12458 | D:10     | Killed Harold
 12639 | D:10     | Found a staircase to the Orcish Mines.
 12665 | D:10     | XOM: scenery: 1 doors close
 12716 | D:10     | XOM is BORED!
 12716 | D:10     | XOM: summons 6 hostile demons
 12717 | D:10     | Noticed a sun demon
 12924 | D:10     | Reached skill level 10 in Spellcasting
 13090 | D:10     | Noticed a centaur warrior
 13092 | D:10     | Killed a centaur warrior
 13266 | D:10     | Identified the +2 ring mail "Bitz" {rF- rN+ Will+ Stlth+}
 13487 | D:11     | Found Zubiblogypp's Magic Scroll Shoppe.
 13520 | D:11     | Noticed a green ugly thing
 13521 | D:11     | XOM: summons friendly ufetubus
 13525 | D:11     | Killed a green ugly thing
 13708 | D:11     | Reached XP level 12. HP: 70/70 MP: 22/29
 13780 | D:11     | Noticed a boulder beetle
 13794 | D:11     | Killed a boulder beetle
 13795 | D:11     | Reached skill level 11 in Conjurations
 13867 | D:11     | Found a sacrificial altar of Ru.
 13998 | D:11     | You fall into a shaft and drop 3 floors!
 14026 | D:13     | Noticed a boulder beetle
 14057 | D:13     | XOM: god gift: 52 gold pieces
 14059 | D:13     | Killed a boulder beetle
 14112 | D:13     | Noticed a catoblepas
 14293 | D:13     | Noticed a centaur warrior
 14300 | D:13     | Noticed a tengu warrior
 14311 | D:13     | Killed a tengu warrior
 14312 | D:13     | XOM: scenery: summon butterflies
 14320 | D:13     | Killed a centaur warrior
 14393 | D:13     | Found a frozen archway.
 14484 | IceCv    | Entered an ice cave
 14561 | IceCv    | XOM: cast spell 'Death Channel'
 14562 | IceCv    | Reached skill level 12 in Conjurations
 14802 | IceCv    | XOM: 1-stop teleportation journey
 14860 | IceCv    | Noticed a white draconian
 14865 | IceCv    | XOM: summons friendly iron imp
 14876 | IceCv    | Killed a white draconian
 14970 | IceCv    | XOM: give mutation
 14970 | IceCv    | Lost mutation: You are somewhat resistant to further
                  | mutation. [Xom's mischief]
 15217 | IceCv    | XOM is BORED!
 15217 | IceCv    | XOM: noise
 15466 | D:13     | XOM: noise
 15496 | D:13     | Found Huingim's Blood Bar.
 15716 | D:13     | XOM: give mutations
 15716 | D:13     | Gained mutation: You occasionally lose the ability to drink
                  | potions when taking damage. [Xom's mischief]
 15716 | D:13     | Lost mutation: You occasionally lose the ability to read
                  | scrolls when taking damage. [Xom's mischief]
 15716 | D:13     | Lost mutation: You are mostly covered in iridescent scales.
                  | (AC +4) [Xom's mischief]
 15805 | D:13     | Noticed a centaur warrior
 15805 | D:13     | Noticed an ice dragon
 15822 | D:13     | Killed an ice dragon
 15822 | D:13     | Killed a centaur warrior
 15822 | D:13     | Noticed a centaur warrior
 15823 | D:13     | Reached skill level 13 in Conjurations
 15832 | D:13     | Killed a centaur warrior
 16053 | D:13     | XOM: cloud trail
 16056 | D:13     | Noticed a centaur warrior
 16191 | D:13     | XOM: silly message
 16191 | D:13     | Identified the +7 great sword "Woymna" {heavy, rCorr}
 16402 | D:13     | Killed a centaur warrior
 16402 | D:13     | XOM: cleaving
 16403 | D:13     | Reached XP level 13. HP: 43/74 MP: 9/30
 16406 | D:13     | XOM: silly message
 16591 | D:13     | XOM: stat loss: -1 Str (4/5)
 16714 | D:13     | Reached skill level 14 in Conjurations
 16930 | D:13     | XOM: summons 2 hostile demons
 17158 | D:12     | XOM: polymorph cyclops -> glowing orange brain
 17208 | D:13     | XOM: stat loss: -1 Int (22/23)
 17285 | D:13     | XOM: give mutation
 17285 | D:13     | Lost mutation: Your body sometimes deteriorates upon taking
                  | damage. [Xom's mischief]
 17286 | D:13     | XOM: give mutation
 17286 | D:13     | Lost mutation: You have razor-sharp toenails. [Xom's
                  | mischief]
 17396 | D:12     | XOM: give mutations
 17396 | D:12     | Lost mutation: You are partially covered in iridescent
                  | scales. (AC +2) [Xom's mischief]
 17396 | D:12     | Lost mutation: You are very agile. (Dex +8, Str/Int -2)
                  | [Xom's mischief]
 17396 | D:12     | Gained mutation: You occasionally shout uncontrollably at
                  | your foes. [Xom's mischief]
 17404 | D:12     | Learned a level 6 spell: Starburst
 17552 | D:12     | Reached skill level 1 in Transmutations
 17617 | D:12     | Found an iron altar of Okawaru.
 17766 | D:12     | Identified a scroll of acquirement
 17954 | D:12     | Acquired a staff of fire
 18071 | D:12     | Identified the +3 hand axe of Gloom {flame, rF- rN++ Will+
                  | rCorr}
 18433 | D:11     | XOM: 1-stop teleportation journey
 18649 | D:10     | XOM: draining
 18758 | Lair:1   | XOM: noise
 18758 | Lair:1   | Entered Level 1 of the Lair of Beasts
 18786 | Lair:1   | XOM: torment (37/72 hp)
 18791 | Lair:1   | Reached skill level 15 in Conjurations
 18907 | D:9      | XOM: give mutations
 18907 | D:9      | Lost mutation: You are agile. (Dex +4, Str/Int -1) [Xom's
                  | mischief]
 18907 | D:9      | Lost mutation: You are weak. (Str -2) [Xom's mischief]
 19210 | Lair:1   | XOM: 7-stop teleportation journey
 19379 | Lair:1   | Found a bloodstained altar of Trog.
 19455 | Lair:1   | XOM: smoke on damage
 19519 | Lair:1   | XOM: scenery: summon butterflies
 20469 | Lair:1   | XOM: summons 2 hostile demons
 20565 | Lair:2   | Reached skill level 5 in Transmutations
 20712 | Lair:2   | Noticed Nergalle
 20712 | Lair:2   | XOM: 4-stop teleportation journey
 20729 | Lair:2   | XOM: stat loss: -1 Int (22/23)
 20733 | Lair:2   | XOM: butterfly on damage
 20739 | Lair:2   | XOM: polymorph butterfly -> shapeshifter
 20952 | Lair:2   | XOM: draining
 21091 | Lair:2   | Reached XP level 14. HP: 67/68 MP: 11/32
 21147 | Lair:2   | XOM: give mutation
 21147 | Lair:2   | Lost mutation: You have sharp toenails. [Xom's grace]
 21147 | Lair:2   | Gained mutation: You have large cloven feet. [Xom's grace]
 21440 | Lair:2   | Killed Nergalle
 21447 | Lair:2   | XOM: cleaving
 21539 | Lair:2   | XOM: scenery: summon butterflies
 21613 | Lair:2   | XOM: god gift: wand of flame (6)
 21710 | Lair:2   | XOM: scenery: summon butterflies
 21957 | Lair:3   | XOM: god gift: box of beasts
 21964 | Lair:3   | XOM: 6-stop teleportation journey
 22300 | Lair:3   | XOM: give mutations
 22300 | Lair:3   | Gained mutation: You passively dampen the noise of your
                  | surroundings. [Xom's mischief]
 22300 | Lair:3   | Gained mutation: You are frail. (-10% HP) [Xom's mischief]
 22300 | Lair:3   | Lost mutation: You passively dampen the noise of your
                  | surroundings. [Xom's mischief]
 22360 | Lair:3   | XOM: polymorph cane toad -> guardian serpent
 22760 | Lair:3   | XOM: 1-stop teleportation journey
 22809 | Lair:3   | Found a runed translucent gate.
 22809 | Lair:3   | Noticed Ifreeg's ghost (journeyman OpFE)
 22810 | Lair:3   | Found a runed translucent gate.
 22820 | Lair:3   | Found a runed translucent gate.
 22823 | Lair:3   | XOM: give mutations
 22823 | Lair:3   | Gained mutation: Your spells are a little harder to cast,
                  | but a little more powerful. [Xom's grace]
 22823 | Lair:3   | Gained mutation: Your natural rate of healing is unusually
                  | fast. [Xom's grace]
 22823 | Lair:3   | Gained mutation: You are partially covered in iridescent
                  | scales. (AC +2) [Xom's grace]
 22823 | Lair:3   | Gained mutation: You expend magic power (3 MP) to
                  | strengthen your wands. [Xom's grace]
 22840 | Lair:3   | XOM: summons 14 friendly demons
 22918 | Lair:3   | XOM: give mutations
 22918 | Lair:3   | Lost mutation: You have large cloven feet. [Xom's mischief]
 22918 | Lair:3   | Lost mutation: Your spells are a little harder to cast, but
                  | a little more powerful. [Xom's mischief]
 22918 | Lair:3   | Lost mutation: Your natural rate of healing is unusually
                  | fast. [Xom's mischief]
 22918 | Lair:3   | Gained mutation: You are dopey. (Int -2) [Xom's mischief]
 22927 | Lair:3   | Found a staircase to the Shoals.
 22955 | Lair:3   | Found a hole to the Spider Nest.
 23470 | Lair:4   | XOM: stealth player
 23492 | Lair:4   | XOM: cleaving
 23639 | Lair:4   | XOM: cast spell 'Olgreb's Toxic Radiance'
 23730 | Lair:3   | XOM is BORED!
 23730 | Lair:3   | XOM: give mutations
 23730 | Lair:3   | Gained mutation: You frequently scream uncontrollably at
                  | your foes. [Xom's mischief]
 23730 | Lair:3   | Lost mutation: Your flesh is very heat resistant. (rF++)
                  | [Xom's mischief]
 23892 | Lair:4   | XOM: cloud trail
 23893 | Lair:4   | Noticed Nessos
 23898 | Lair:4   | Killed Nessos
 23901 | Lair:4   | XOM: enchant monster (good)
 24071 | Lair:4   | Found a staircase to the Slime Pits.
 24071 | Lair:4   | Found a viscous altar of Jiyva.
 24229 | Lair:4   | Noticed Snorg
 24234 | Lair:4   | Killed Snorg
 24235 | Lair:4   | Reached skill level 10 in Earth Magic
 24430 | Lair:4   | XOM: 5-stop teleportation journey
 24949 | Lair:5   | XOM: noise
 24949 | Lair:5   | Entered Level 5 of the Lair of Beasts
 25144 | Lair:4   | XOM: polymorph elephant -> torpor snail
 25229 | Lair:4   | XOM: give mutations
 25229 | Lair:4   | Lost mutation: You frequently scream uncontrollably at your
                  | foes. [Xom's mischief]
 25229 | Lair:4   | Lost mutation: Your skin changes colour to match your
                  | surroundings (Stealth+). [Xom's mischief]
 25229 | Lair:4   | Lost mutation: You occasionally shout uncontrollably at
                  | your foes. [Xom's mischief]
 25508 | Lair:5   | Reached XP level 15. HP: 75/75 MP: 19/35
 25625 | Lair:5   | Reached skill level 10 in Transmutations
 25823 | Lair:5   | Noticed Rupert
 25833 | Lair:5   | Killed Rupert
 25848 | Lair:5   | XOM: destruction
 26005 | Lair:5   | XOM: cloud trail
 26043 | Lair:5   | Noticed Kirke
 26050 | Lair:5   | Killed Kirke
 26315 | Lair:5   | XOM: fog
 26980 | D:14     | XOM: divine lightning
 26988 | D:14     | XOM: destruction
 27260 | D:14     | XOM: cloud trail
 27262 | D:14     | Learned a level 6 spell: Statue Form
 27314 | D:14     | XOM: enchant monster (bad)
 27426 | D:14     | XOM: give mutation
 27426 | D:14     | Gained mutation: You sometimes lose the ability to drink
                  | potions when taking damage. [Xom's mischief]
 27945 | D:14     | XOM: silly message
 28096 | D:14     | XOM: swap monsters
 28122 | D:14     | Found a gate to the Vaults.
 28201 | D:15     | Entered Level 15 of the Dungeon
 28521 | D:14     | XOM: summons 4 hostile shadow creatures
 28678 | D:15     | XOM: fog
 28762 | D:15     | XOM: polymorph green ugly thing -> brown ugly thing
 29138 | D:15     | Found a snail-covered altar of Cheibriados.
 29165 | D:15     | Found an ornate altar of the Wu Jian Council.
 29165 | D:15     | Found a glowing golden altar of the Shining One.
 29167 | D:15     | Found a shimmering altar of Xom.
 29167 | D:15     | Found a white marble altar of Elyvilon.
 29167 | D:15     | Found a shimmering altar of Xom.
 29202 | D:15     | Found Rudghad's General Store.
 29396 | D:15     | Noticed a frost giant
 29401 | D:15     | Killed a frost giant
 29454 | D:15     | Found a staircase to the Depths.
 29643 | Orc:1    | Entered Level 1 of the Orcish Mines
 29643 | Orc:1    | Found Ipywesk's General Store.
 29647 | Orc:1    | Bought a scroll of teleportation for 33 gold pieces
 29729 | Orc:2    | Entered Level 2 of the Orcish Mines
 29771 | Orc:2    | XOM: cast spell 'Summon Ice Beast'
 29870 | Orc:2    | Found Pejytec's Antique Weapon Shoppe.
 29992 | Orc:2    | XOM: divination: detect creatures
 29994 | Orc:2    | XOM: stat loss: -1 Dex (13/14)
 30035 | Orc:2    | XOM: summons 8 hostile demons
 30220 | Orc:2    | XOM: 3-stop teleportation journey
 30278 | Orc:2    | XOM: torment (39/76 hp)
 30290 | Orc:2    | XOM: summons 1 hostile demon
 30590 | Orc:2    | XOM is BORED!
 30590 | Orc:2    | XOM: summons 8 hostile demons
 30611 | Orc:2    | Found a staircase to the Elven Halls.
 30769 | Orc:2    | Found Agoges's General Store.
 30788 | Orc:2    | XOM: summons 7 hostile demons
 30822 | Orc:2    | XOM: silly message
 30878 | Orc:2    | Found Nefis's Magic Scroll Shop.
 30947 | Orc:2    | Bought a scroll of fear for 44 gold pieces
 31474 | Orc:2    | Reached XP level 16. HP: 81/81 MP: 26/36
 31588 | Orc:2    | Reached skill level 16 in Conjurations
 31894 | Orc:2    | Found Hiof's Antique Weapon Emporium.
 31894 | Orc:2    | Found Arojogu's Jewellery Shoppe.
 31895 | Orc:2    | Found a one-way gate leading to the halls of Pandemonium.
 32047 | Lair:3   | Killed Ifreeg's ghost
 32097 | Lair:3   | XOM: divination: magic mapping
 32207 | Spider:1 | Entered Level 1 of the Spider Nest
 32214 | Spider:1 | XOM: divination: magic mapping
 32273 | Spider:1 | XOM: divination: detect creatures
 32400 | Spider:1 | XOM: summons 2 hostile demons
 32638 | Spider:1 | Reached skill level 15 in Spellcasting
 32782 | Spider:1 | XOM: 3-stop teleportation journey
 32871 | Spider:1 | Identified the +1 robe "Piumuis" {rElec rF- Str+6}
 32886 | Spider:1 | XOM: noise
 33065 | Spider:1 | XOM: enchant monster (good)
 33108 | Spider:1 | XOM: silly message
 33717 | Spider:2 | Noticed Azrael
 33861 | Spider:1 | XOM: god gift: quarterstaff {god gift}
 33974 | Spider:2 | Reached skill level 15 in Fire Magic
 34066 | Spider:2 | XOM: smoke on damage
 34213 | Spider:2 | Found a large runed translucent door.
 34217 | Spider:2 | Found a large runed translucent door.
 34219 | Spider:2 | Noticed Xuggat's ghost (adept HuFi)
 34354 | Spider:2 | Killed Azrael
 34698 | Spider:2 | XOM: swap monsters
 34825 | Spider:2 | XOM: scenery: summon butterflies
 34864 | Spider:2 | Identified the +1 robe of Sophism {rN+}
 34931 | Spider:3 | Reached skill level 17 in Conjurations
 35346 | Spider:3 | XOM: god gift: 48 gold pieces
 35409 | Spider:3 | Noticed Roxanne
 35724 | Spider:3 | XOM: 2-stop teleportation journey
 36126 | Spider:3 | XOM: divination: magic mapping
 36562 | Spider:3 | XOM: summons 6 hostile demons
 36573 | Spider:3 | XOM: scenery: summon butterflies
 36694 | Spider:4 | XOM: stealth player
 36694 | Spider:4 | Entered Level 4 of the Spider Nest
 36715 | Spider:4 | Noticed Arachne
 36721 | Spider:4 | Killed Arachne
 36726 | Spider:4 | XOM: confuse monster(s)
 36727 | Spider:4 | Reached XP level 17. HP: 67/87 MP: 13/38
 37027 | Spider:3 | XOM: cloud trail
 37326 | Spider:3 | XOM: god gift: 55 gold pieces
 37595 | Spider:3 | XOM: give mutations
 37595 | Spider:3 | Gained mutation: You are resistant to electric shocks.
                  | (rElec) [Xom's grace]
 37595 | Spider:3 | Gained mutation: A frigid envelope surrounds you and
                  | freezes all who hurt you. [Xom's grace]
 37595 | Spider:3 | Gained mutation: You are mostly covered in iridescent
                  | scales. (AC +4) [Xom's grace]
 37595 | Spider:3 | Gained mutation: You have hidden genetic potential. [Xom's
                  | grace]
 37780 | Spider:3 | XOM: stat loss: -1 Str (8/9)
 38185 | Spider:3 | XOM: give mutation
 38185 | Spider:3 | Lost mutation: You are resistant to electric shocks.
                  | (rElec) [Xom's mischief]
 38322 | Spider:4 | XOM: 1-stop teleportation journey
 38327 | Spider:4 | XOM: 2-stop teleportation journey
 38438 | Spider:3 | XOM: summons 9 hostile demons
 38440 | Spider:4 | XOM: stat loss: -1 Str (7/9)
 38900 | Spider:4 | XOM: 8-stop teleportation journey
 39162 | Spider:4 | XOM: noise
 39190 | Spider:4 | XOM: noise
 39611 | Spider:4 | Got a gossamer rune of Zot
 39633 | Spider:4 | XOM: give mutations
 39633 | Spider:4 | Gained mutation: You are weak. (Str -2) [Xom's mischief]
 39633 | Spider:4 | Lost mutation: You are frail. (-10% HP) [Xom's mischief]
 39633 | Spider:4 | Lost mutation: You are mostly covered in iridescent scales.
                  | (AC +4) [Xom's mischief]
 39888 | Shoals:1 | Entered Level 1 of the Shoals
 39892 | Shoals:1 | XOM: silly message
 39895 | Shoals:1 | Reached skill level 18 in Conjurations
 39994 | Shoals:1 | Noticed Josephine
 39997 | Shoals:1 | Killed Josephine
 40175 | Shoals:1 | XOM: stat loss: -1 Dex (13/14)
 40193 | Shoals:1 | XOM: summons 3 hostile shadow creatures
 40244 | Shoals:1 | XOM: give mutations
 40244 | Shoals:1 | Lost mutation: You are dopey. (Int -2) [Xom's mischief]
 40244 | Shoals:1 | Lost mutation: Your flesh is heat resistant. (rF+) [Xom's
                  | mischief]
 40244 | Shoals:1 | Lost mutation: You have hidden genetic potential. [Xom's
                  | mischief]
 40345 | Shoals:1 | Identified the +6 double sword of Atumar {freeze, rCorr
                  | Str+2}
 40489 | Shoals:1 | Noticed Frances
 40499 | Shoals:1 | Killed Frances
 40619 | Shoals:1 | XOM: cloud trail
 40936 | Shoals:1 | Noticed Aizul
 40944 | Shoals:1 | Killed Aizul
 41004 | Shoals:1 | XOM: draining
 41114 | Shoals:1 | XOM: 5-stop teleportation journey
 41218 | Shoals:2 | Noticed Ilsuiw
 41218 | Shoals:2 | Found Erri's Assorted Antiques.
 41218 | Shoals:2 | XOM: divination: detect items
 41219 | Shoals:2 | XOM: silly message
 41219 | Shoals:2 | Noticed Mlioglotl
 41222 | Shoals:2 | XOM: noise
 41224 | Shoals:2 | HP: 4/89 [merfolk impaler/+8 trident of freezing[Ilsuiw]
                  | (22)]
 41224 | Shoals:2 | HP: 1/89 [merfolk/+0 trident[Ilsuiw] (2)]
 41316 | Shoals:2 | Found Juupaczu's Assorted Antiques.
 41364 | Shoals:2 | Bought a flickering brass ring for 215 gold pieces
 41364 | Shoals:2 | Identified the ring of Damathun {rElec rPois rF+ EV+5
                  | Str-5} (You bought it in a shop on level 2 of the Shoals)
 41409 | Shoals:2 | XOM: scenery: summon butterflies
 41415 | Shoals:2 | Killed from afar by Ilsuiw

Illustrated notes

Levels and vault maps discovered:
D:1:      dpeg_arrival_arbitrary_c, layout_loops_corners
D:2:      layout_basic
D:3:      kennysheep_the_goblin_king, layout_basic,
          lemuel_coloured_pillars_altar, roderic_serpentine_path,
          grunt_decor_cap, uniq_terence
D:4:      layout_cave_pools, nicolae_dithmenos_the_darkroom,
          minmay_temple_entry_drinking_statues, serial_shops, shop,
          nicolae_shop_window_shopping, portal_sewer_entry_d
D:5:      layout_basic, grunt_temple_overflow_holy_war,
          lightli_ossuary_entry_decrepit_ruins
D:6:      layout_basic, vehumet_crystals, serial_glass, glass_columns_a,
          glass_columns_a, due_unseen_surprise
D:7:      layout_basic, mainiacjoe_overflow_boulevard, enter_bailey_3,
          kennysheep_generic_room_7
D:8:      layout_cave_pools, nicolae_overflow_hallway_of_the_gods, serial_shops,
          nicolae_shop_overgrown_old_shop, uniq_grum
D:9:      minmay_imperfect_grid, layout_rooms, lightli_wizard_tower
D:10:     layout_roguey, david_orc_5, minmay_fractal_squares_gapless_7,
          uniq_harold
D:11:     layout_roguey, serial_shops, nicolae_shop_trees,
          nicolae_ru_sacrificial_ziggurat
D:12:     layout_basic, okawaru_gym_becter
D:13:     four-leaf_vault, layout_small_grid, portal_ice_cave_rime,
          guppyfry_shop_blood
D:14:     layout_basic, hangedman_vaults_entry_quadrant_bands,
          chequers_serial_rivers_small_b
D:15:     grunt_enter_depths_snipers, layout_cave_pools, serial_shops, shop,
          serial_bayou_pond_a, dreamdust_mushroom_princess,
          minmay_gold_behind_fungi, doesnt_xom_only_xom
Lair:1:   lemuel_reptile_caves, layout_small_grid, basic_altar,
          grunt_forest_stairs_basic, nicolae_lair_lil_pond
Lair:2:   layout_long_grid, minmay_hedge_maze, minivault_11, uniq_nergalle
Lair:3:   nzn_winding_woodlands_stair_trap [nzn_winding_woodlands_5x15_zeroes,
          nzn_winding_woodlands_5x15_lazy_stream,
          nzn_winding_woodlands_5x15_default,
          nzn_winding_woodlands_15x15_five_gardens,
          nzn_winding_woodlands_5x15_concentric,
          nzn_winding_woodlands_5x15_garden,
          nzn_winding_woodlands_5x15_pathside_ponds], layout_long_grid,
          minmay_shoals_entry_hut, spider_nest_entry_web_field,
          gammafunk_ghost_split, chequers_serial_rivers_micro_a
Lair:4:   layout_big_grid, nicolae_slime_entry_slimehenge, uniq_nessos,
          uniq_snorg
Lair:5:   gammafunk_lair_ancient_temple, layout_hall_layers, uniq_kirke,
          uniq_rupert
Shoals:1: cheibrodos_shoals_epimethial_gifts, layout_shoals, uniq_aizul,
          uniq_josephine, uniq_frances
Shoals:2: layout_shoals, nicolae_stop_n_shop_1, nicolae_stop_n_shop_2,
          nicolae_shoals_lost_giant_pillars, nicolae_shoals_beach_cooler,
          uniq_mlioglotl, uniq_ilsuiw, uniq_polyphemus
Spider:1: layout_spider_delve, nicolae_spider_checkerboard
Spider:2: nicolae_spider_mines_2, ebering_ghost_disaster_area, uniq_azrael
Spider:3: layout_chambers, hive_lemuel, hangedman_spider_tarantella_strand,
          uniq_roxanne
Spider:4: spider_rune_water, uniq_arachne
Orc:1:    layout_caves, serial_shops, shop, uniq_sonja
Orc:2:    pf_orc_diabolical, layout_diamond_mine, serial_shops, shop

Skill      XL: |  1  2  3  4  5  6  7  8  9 10 11 12 13 14 15 16 17 |
---------------+----------------------------------------------------+-----
Spellcasting   | 1 2 3 4 5 7 9 11 12 14 15 16 | 16.6
Conjurations   | 1 2 3 4 5 6 8 10 13 15 17 18 | 18.5
Fire Magic     | 1 2 3 4 7 10 12 13 14 15 17 | 17.0
Evocations     | 1 2 6 7 8 |  8.0
Earth Magic    | 2 5 7 11 13 | 13.0
Dodging        | 5 6 8 |  8.0
Fighting       | 5 6 7 8 |  8.8
Transmutations | 5 9 10 | 10.0
Short Blades   | |  3.0
Armour         | |  0.7

Action                     |  1- 3 |  4- 6 |  7- 9 | 10-12 | 13-15 | 16-18 || total
---------------------------+-------+-------+-------+-------+-------+-------++-------
  Melee: Dagger            |    86 |    16 |    23 |    88 |    35 |       ||   248
         Short sword       |     4 |       |       |       |       |       ||     4
         Punch             |     1 |       |       |       |     3 |     2 ||     6
         Kick              |       |       |     7 |    39 |    22 |       ||    68
         Headbutt          |       |       |     1 |       |       |       ||     1
         Staff             |       |       |       |       |   166 |    45 ||   211
         Unarmed           |       |       |       |       |       |    17 ||    17
  Throw: Dart              |       |       |       |     4 |     4 |       ||     8
   Cast: Foxfire           |    40 |   105 |   312 |   300 |    14 |       ||   771
         Stone Arrow       |       |       |    36 |   133 |    36 |     6 ||   211
         Fireball          |       |       |       |    86 |   284 |   170 ||   540
         Starburst         |       |       |       |       |   190 |   152 ||   342
         Statue Form       |       |       |       |       |    10 |     7 ||    17
  Evoke: Wand              |       |       |     2 |    13 |     1 |    14 ||    30
         Piece from Xom's  |       |       |     2 |       |       |       ||     2
         Phial of floods   |       |       |       |       |     2 |     1 ||     3
         Tin of tremorston |       |       |       |       |     1 |     6 ||     7
         Condenser vane    |       |       |       |       |       |     1 ||     1
    Use: Scroll            |     4 |     6 |     6 |    12 |    10 |     4 ||    42
         Potion            |       |       |     2 |     3 |       |     2 ||     7
   Stab: Paralysed         |       |       |       |     7 |       |     6 ||    13
         Sleeping          |       |       |       |       |     1 |       ||     1
         Confused          |       |       |       |       |       |     2 ||     2
 Armour: Leather armour    |    36 |    10 |    54 |    90 |    33 |       ||   223
         Troll leather arm |       |       |       |       |    84 |       ||    84
         Skin              |       |       |       |       |   101 |    42 ||   143
         Robe              |       |       |       |       |       |    53 ||    53
  Dodge: Dodged            |    51 |    14 |    74 |   174 |   788 |   226 ||  1327

Table legend: (Time is in decaauts)
 A = Elapsed time spent in this place.
 B = Non-inter-level travel time spent in this place.
 C = Inter-level travel time spent in this place.
 D = Time resting spent in this place.
 E = Time spent auto-exploring this place.
 F = Levels seen in this place.
 G = Mean time per level.
                   A        B        C        D        E       F      G
               +--------+--------+--------+--------+--------+-----+--------+
         Total |  42131 |  40055 |   2076 |  16291 |  15548 |  32 | 1316.6 |
       Dungeon |  19134 |  17839 |   1295 |   6145 |   7440 |  15 | 1275.6 |
          Lair |   8684 |   8337 |    347 |   3879 |   3147 |   5 | 1736.8 |
        Shoals |   1365 |   1296 |     69 |    578 |    468 |   2 |  682.5 |
   Spider Nest |   7697 |   7414 |    283 |   3280 |   3165 |   4 | 1924.2 |
  Orcish Mines |   2496 |   2415 |     81 |   1258 |    645 |   2 | 1248.0 |
         Sewer |    897 |    897 |      0 |    343 |    303 |   1 |  897.0 |
       Ossuary |    356 |    356 |      0 |    148 |     86 |   1 |  356.0 |
        Bailey |    541 |    541 |      0 |    224 |    138 |   1 |  541.0 |
      Ice Cave |    956 |    956 |      0 |    434 |    155 |   1 |  956.0 |
               +--------+--------+--------+--------+--------+-----+--------+

Top non-repeatable levels by time:
Spider:3: 3383 daAuts
    D:13: 2678 daAuts
  Lair:3: 2569 daAuts
   Orc:2: 2407 daAuts
     D:9: 2004 daAuts
Spider:1: 1972 daAuts
  Lair:1: 1867 daAuts
    D:10: 1743 daAuts
    D:14: 1722 daAuts
  Lair:4: 1596 daAuts
Spider:4: 1476 daAuts
  Lair:5: 1430 daAuts
Shoals:1: 1291 daAuts
     D:5: 1231 daAuts
  Lair:2: 1221 daAuts
